 Dungeon Crawl Stone Soup version 0.30.1-11-g7821555f0a (webtiles) character file.

Game seed: 17439806296218287268

64 Cthan the Magician (level 3, -2/19 HPs)
             Began as a Deep Elf Earth Elementalist on Nov 5, 2023.
             Slain by a ball python (3 damage)
             ... on level 2 of the Dungeon.
             The game lasted 00:18:51 (2125 turns).

Cthan the Magician (Deep Elf Earth Elementalist)    Turns: 2125, Time: 00:18:52

Health: -2/19      AC:  3    Str:  5    XL:     3   Next: 91%
Magic:  6/11       EV: 10    Int: 21    God:
Gold:   69         SH:  0    Dex: 15    Spells: 10/11 levels left

rFire   . . .        g - +0 short sword
rCold   . . .        (no shield)
rNeg    . . .        a - +0 robe
rPois   .            (no helmet)
rElec   .            (no cloak)
rCorr   .            (no gloves)
SInv    .            c - +0 pair of boots
Will    .....        (no amulet)
Stlth   ++           (no ring)
HPRegen 0.23/turn    (no ring)
MPRegen 0.12/turn

%: no passive effects
@: lethally poisoned (-2 -> -5), flying, constricted
A: no striking features
a: no special abilities


You were on level 2 of the Dungeon.
You visited 1 branch of the dungeon, and saw 2 of its levels.

You collected 69 gold pieces.

Inventory:

Hand Weapons
 g - a +0 short sword (weapon)
 m - a +0 rapier
Missiles
 n - 2 curare-tipped darts
Armour
 a - a +0 robe (worn)
 c - a +0 pair of boots (worn)
Scrolls
 e - a scroll of teleportation {unknown}
 f - 2 scrolls of magic mapping {unknown}
 h - a scroll of fog {unknown}
 i - a scroll of blinking {unknown}
 j - a scroll of identify {unknown}
 k - a scroll of noise {unknown}
 o - a scroll of silence {unknown}
 p - a scroll of enchant weapon {unknown}
Potions
 b - a potion of magic
 d - 2 potions of flight
 l - a potion of heal wounds {unknown}


   Skills:
 + Level 2.8 Dodging
 + Level 2.8 Stealth
 + Level 4.6 Spellcasting
 * Level 0.4 Conjurations
 + Level 1.1 Transmutations
 - Level 4.0 Earth Magic


You had 10 spell levels left.
You knew the following spells:

 Your Spells              Type           Power      Damage    Failure   Level
a - Sandblast             Erth           42%        2d11      2%          1

Your spell library contained the following spells:

 Spells                   Type           Power      Damage    Failure   Level
 Passwall                 Tmut/Erth      12%        N/A       6%          2
 Stone Arrow              Conj/Erth      28%        3d8       14%         3
 Static Discharge         Conj/Air       10%        2-3/arc   16%         2
 Petrify                  Tmut/Erth      15%        N/A       36%         4
 Airstrike                Air            2%         2d(1-17)  75%         4
 Summon Lightning Spire   Summ/Air       4%         N/A       75%         4
 Borgnjor's Vile Clutch   Necr/Erth      6%         N/A       80%         5


Dungeon Overview and Level Annotations

Branches:
Dungeon (2/15)

Altars:

Annotations:
D:2 1 runed translucent door, exclusion: door, Crazy Yiuf


Message History

Aiming: Sandblast (safe; 2% risk of failure)
Press: ? - help, Shift-Dir - straight line, f/p - adder
Aim: an adder (almost dead, 72% to hit)
The blast of sand misses the adder.
The ball python closely misses you. The ball python constricts you.
The adder closely misses you. The ball python completely misses you.
The ball python constricts you. The adder closely misses you.
Casting: Sandblast (safe; 2% risk of failure)
Confirm with . or Enter, or press ? or * to list all spells.
Aiming: Sandblast (safe; 2% risk of failure)
Press: ? - help, Shift-Dir - straight line, f/p - adder
Aim: an adder (almost dead, 72% to hit)
The blast of sand misses the adder.
The adder bites you. The ball python closely misses you.
The ball python constricts you. The adder bites you.
You are poisoned.
The adder poisons you! The ball python misses you.
The ball python constricts you.
Casting: Sandblast (safe; 2% risk of failure)
Confirm with . or Enter, or press ? or * to list all spells.
Aiming: Sandblast (safe; 2% risk of failure)
Press: ? - help, Shift-Dir - straight line, f/p - adder
Aim: an adder (almost dead, 72% to hit)
The blast of sand hits the adder!
You kill the adder!
You feel very sick. The ball python bites you.
* * * LOW HITPOINT WARNING * * *
The ball python constricts you.
* * * LOW HITPOINT WARNING * * *
The ball python bites you.
* * * LOW HITPOINT WARNING * * *
The ball python constricts you.
* * * LOW HITPOINT WARNING * * *
It was a potion of flight.
You feel very buoyant.
You fly up into the air.
* * * LOW HITPOINT WARNING * * *
You feel sick. The ball python bites you.
You die...

.........##.##
.#.########.# ### .#.#
#.# ... .#.# ##'## ..#
##.# ##...## ..# #. ##.#
##.....## ..##... #..#
##.......##.....#.
...####.(.......#.......
......'.......>.@S......
...####.........##.#....
#.## ##.......## .. .
### ##(....## ## #
########...## ###....#
##'## ..#.##.## #.#
#.......# #.# #.#....##
###


You could see a ball python.

Vanquished Creatures
  4 adders (D:2)
  2 endoplasms
  A giant cockroach (D:2)
  3 goblins (D:1)
  5 hobgoblins
  A jackal (D:2)
  2 kobolds (D:1)
  3 quokkas
  A ball python (D:2)
  A bat (D:1)
  A frilled lizard (D:2)
  4 rats
28 creatures vanquished.

Notes
Turn   | Place    | Note
-------+----------+-------------------------------------------
     0 | D:1      | Cthan the Deep Elf Earth Elementalist began the quest for
                  | the Orb.
     0 | D:1      | Reached XP level 1. HP: 10/10 MP: 6/6
   403 | D:1      | Reached XP level 2. HP: 15/15 MP: 5/8
   802 | D:1      | Got Torheysa's Octavo of the Xenolith
  1463 | D:2      | Reached XP level 3. HP: 19/19 MP: 7/10
  2037 | D:2      | Found a runed translucent door.
  2038 | D:2      | Noticed Crazy Yiuf
  2125 | D:2      | Slain by a ball python

Illustrated notes

Levels and vault maps discovered:
D:1:      kennysheep_arrival_seaside, layout_basic
D:2:      layout_loops_corners, minmay_small_reverse_x, uniq_crazy_yiuf_cottage

Skill      XL: |  1  2  3 |
---------------+----------+-----
Spellcasting   | 4 |  4.6
Earth Magic    | 4 |  4.0
Dodging        | |  2.8
Stealth        | |  2.8
Conjurations   | |  0.4
Transmutations | |  1.1

Action                     || total
---------------------------++-------
  Melee: Short sword       ||    12
   Cast: Sandblast         ||    37
    Use: Potion            ||     1
 Armour: Robe              ||     8
  Dodge: Dodged            ||    20
